 Dungeon Crawl Stone Soup version 0.24-a0-251-g44e327e (webtiles) character file.

Game seed: 11508919114684097559

215349 TheGoonsmith the Executioner (level 18, -12/161 HPs)
             Began as a Minotaur Berserker on Apr 14, 2019.
             Was a High Priest of Trog.
             Killed from afar by Aizul (26 damage)
             ... with a poison arrow
             ... on level 1 of the Swamp on Apr 16, 2019.
             The game lasted 01:18:19 (41025 turns).

TheGoonsmith the Executioner (Minotaur Berserker)  Turns: 41025, Time: 01:18:19

Health: -12/161    AC: 23    Str: 28    XL:     18   Next: 70%
Magic:  17/17      EV:  7    Int:  9    God:    Trog [*****.]
Gold:   1575       SH:  0    Dex: 17    Spells: 17/17 levels left

rFire    + . .     SeeInvis .   a - +7 executioner's axe (flame)
rCold    + . .     Gourm    .   (shield currently unavailable)
rNeg     . . .     Faith    .   w - +2 plate armour {rC+}
rPois    +         Spirit   .   (helmet restricted)
rElec    .         Reflect  .   Q - +2 cloak of Leaves {rPois Int+5}
rCorr    .         Harm     .   v - +2 pair of gloves
MR       +++..                  B - +0 pair of boots
Stlth    ..........             (no amulet)
HPRegen  1.36/turn              e - +4 ring of protection
MPRegen  0.15/turn              L - ring of protection from fire

@: mighty, lethally poisoned (-12 -> -14), berserk cooldown, regenerating,
slowed, extremely drained, very slow
A: retaliatory headbutt, horns 2
a: Berserk, Trog's Hand, Brothers in Arms, Renounce Religion


You were on level 1 of the Swamp.
You worshipped Trog.
Trog was extremely pleased with you.
You were not hungry.

You visited 5 branches of the dungeon, and saw 29 of its levels.
You also visited: Sewer, Ossuary, Bailey, Gauntlet and Ice Cave.

You collected 3293 gold pieces.
You spent 1718 gold pieces at shops.

Inventory:

Hand Weapons
 a - a +7 executioner's axe of flaming (weapon)
 b - a +2 triple crossbow of flaming
Missiles
 i - a throwing net (quivered)
 F - 216 bolts
Armour
 v - a +2 pair of gloves (worn)
 w - a +2 plate armour of cold resistance (worn)
 B - a +0 pair of boots (worn)
 Q - the +2 cloak of Leaves (worn) {rPois Int+5}
   (You acquired it on level 15 of the Dungeon)

   It affects your intelligence (+5).
   It protects you from poison.
Jewellery
 e - a +4 ring of protection (left hand)
 x - an uncursed ring of poison resistance
 I - a +3 ring of evasion
 L - a ring of protection from fire (right hand)
 R - an uncursed ring of protection from cold
 X - a cursed ring of attention {unknown}
Wands
 A - a wand of iceblast (17)
 E - a wand of digging (5)
 H - a wand of enslavement (9)
 J - a wand of paralysis (9)
 K - a wand of acid (6)
 P - a wand of disintegration (27)
 V - a wand of scattershot (6)
 Z - a wand of random effects (20)
Scrolls
 d - 11 scrolls of remove curse
 r - 9 scrolls of identify
 z - 6 scrolls of fog
 N - 11 scrolls of teleportation
 T - 4 scrolls of blinking
 W - 2 scrolls of silence
 Y - a scroll of magic mapping
Potions
 f - 5 potions of heal wounds
 g - 5 potions of berserk rage
 h - 3 potions of resistance
 k - 7 potions of agility
 l - 6 potions of brilliance
 m - 2 potions of might
 n - 6 potions of mutation
 o - 10 potions of curing
 p - 9 potions of flight
 q - a potion of ambrosia
 s - 6 potions of haste
 t - 4 potions of invisibility
 D - 3 potions of cancellation
Comestibles
 c - 17 rations


   Skills:
 + Level 14.7(0.0) Fighting
 * Level 22.2(0.0) Axes
 * Level 18.4(0.0) Crossbows
 + Level 14.5(0.0) Armour
 + Level 11.3(0.0) Dodging


You had 17 spell levels left.
You didn't know any spells.
Your spell library was empty.

Dungeon Overview and Level Annotations

Branches:
Dungeon (15/15)            Temple (0/1) D:4            Lair (6/6) D:8
  Swamp (2/4) Lair:2       Spider (4/4) Lair:4        Slime (0/5) Lair:6
    Orc (2/2) D:12            Elf (0/3) Orc:2        Vaults (0/5) D:14
 Depths (0/5) D:15

Altars:
Cheibriados
Dithmenos
Elyvilon
Fedhas
Gozag
Makhleb
Nemelex Xobeh
Okawaru
Qazlal
Trog
Vehumet
Xom
Yredelemnul
Jiyva

Shops:
D:7 [   D:15 *   Orc:1 *   Orc:2 :(*[

Annotations:
D:9 exclusion: oklob sapling
D:10 2 transporters, Partyfoot's ghost, novice FoFi
Swamp:1 Aizul


Innate Abilities, Weirdness & Mutations

You reflexively headbutt those who attack you in melee.
You have a pair of horns on your head.


Message History

Aizul coils herself and waves her upper body at you.
The bolt of poison hits you. You resist.
* * * LOW HITPOINT WARNING * * *
Aizul hits you but does no damage.
You feel much better.
You feel the effects of Trog's Hand fading.
You feel sick. Aizul hits you but does no damage. Aizul hits you.
* * * LOW HITPOINT WARNING * * *
Unknown command.
You closely miss Aizul.
Aizul is almost dead.
You feel sick.
Aizul hisses menacingly.
Aizul hits you!
* * * LOW HITPOINT WARNING * * *
Aizul coils herself and waves her upper body at you.
The poison arrow hits you!!
You are more poisoned.
You partially resist.
You die...

..♣♣ ♣♣♣♣..≈≈♣♣.≈≈...≈≈. ...♣
♣♣♣♣♣♣♣.≈≈≈≈♣♣♣♣.≈≈..≈♣♣. ♣..♣
♣♣.≈≈≈≈≈.≈≈.♣♣ ♣♣.≈..♣♣♣≈.
♣≈♣♣♣♣♣♣.≈≈≈≈≈≈≈≈≈..♣♣♣....♣♣♣♣♣♣
♣≈..≈...≈≈≈≈≈≈≈≈≈≈..≈..≈≈....≈♣♣♣
♣.≈.≈≈....≈≈..≈≈≈...≈........♣♣♣≈
≈.♣≈.....)≈≈≈....≈.≈..##.....♣♣≈♣
♣♣♣♣♣≈.....≈≈.♣§.S...#........≈≈♣
♣♣§≈≈♣♣..≈.≈.@....#...#.##...♣
♣♣♣≈.≈≈.♣♣♣..≈..........#.##....
♣♣....≈≈.♣ ♣♣.≈≈≈...............♣
.≈≈.≈..≈.♣ ♣..≈≈≈≈.##.##.........
≈≈≈≈....≈♣ ♣.≈≈≈≈...#..#.........
≈≈≈≈≈...≈♣♣♣..≈≈.≈.##....###.....
≈≈≈≈.≈≈≈≈≈♣♣≈....♣.##....#.#...†≈
..≈..≈≈≈≈§≈♣♣♣♣..≈.......#.#....♣
......≈≈≈≈.♣ ♣♣.≈....#..........


You could see Aizul.

Vanquished Creatures
  Rupert (D:15)
  Jorgrun (D:13)
  Agnes (Spider:1)
  Kirke (Lair:5)
  3 emperor scorpions
  3 ghost moths
  An orc warlord (Orc:1)
  The ghost of edsrzf the Impaler, a journeyman FoAK of Lugonu (D:12)
  Louise (Spider:3)
  An ironheart preserver (D:14)
  6 entropy weavers
  2 very ugly things (IceCv)
  A minotaur (Gauntlet)
  Azrael (D:13)
  2 spark wasps
  An ettin (Orc:2)
  The ghost of Guhom the Covert, a journeyman OpAs of Dithmenos (Lair:3)
  A hydra (shapeshifter) (D:15)
  10 hydras
  5 ogre magi
  An alligator (Swamp:1)
  4 centaur warriors
  22 two-headed ogres
  An orc high priest (Orc:1)
  A deep elf knight (D:15)
  3 skeletal warriors (D:14)
  A sixfirhy (Gauntlet)
  5 unseen horrors
  A swamp dragon (Swamp:1)
  A deep elf archer (D:15)
  A wizard (D:14)
  An obsidian statue (Gauntlet)
  4 orc knights
  6 deep elf magi
  22 orb spiders
  A wolf spider zombie (D:12)
  3 manticores
  21 wolf spiders
  6 cyclopes
  14 ugly things
  5 orc sorcerers
  A naga mage (D:15)
  7 elephants
  A moth of wrath (Spider:3)
  5 ice statues (IceCv)
  Joseph (D:8)
  A black mamba (shapeshifter) (D:15)
  5 black mambas
  3 gargoyles
  13 spiny frogs
  An efreet (D:13)
  2 minotaur zombies (Gauntlet)
  14 demonic crawlers
  3 rime drakes
  2 freezing wraiths
  A golden dragon simulacrum (IceCv)
  8 komodo dragons
  A tengu conjurer (D:14)
  3 anaconda simulacra (IceCv)
  20 jumping spiders
  3 meliai (D:14)
  12 trolls
  18 hornets
  2 tyrant leeches (Swamp:1)
  6 polar bears
  8 hippogriffs
  9 slime creatures (D:15)
  A bog body (Lair:2)
  A dream sheep (Lair:6)
  19 blink frogs
  2 wyverns
  97 redbacks
  2 shadows
  40 tarantellas
  17 spriggans
  A dire elephant simulacrum (IceCv)
  A vampire (D:12)
  4 wraiths
  A fire elemental (D:13)
  45 yaks
  5 hogs (Lair:5)
  A hungry ghost (D:13)
  A steam dragon (D:11)
  6 basilisks
  5 wargs
  2 harpy simulacra (IceCv)
  7 vampire mosquitoes (Swamp:1)
  8 insubstantial wisps
  An acid dragon (D:11)
  4 swamp worms (Swamp:1)
  3 hell hounds (D:13)
  11 water moccasins
  4 hydra simulacra
  7 porcupines
  42 orc warriors
  6 sky beasts
  4 phantoms
  2 swamp drakes (Swamp:1)
  3 black bears
  14 ice beasts
  A necrophage (D:10)
  35 ogres
  19 wolves (Lair:6)
  4 boggarts (Lair:6)
  5 centaurs
  A big kobold (D:7)
  12 crocodiles
  22 bullfrogs
  A gnoll sergeant (D:9)
  A wyvern zombie (D:12)
  A spiny frog simulacrum (Lair:3)
  11 scorpions
  48 killer bees (D:8)
  14 wights
  12 howler monkeys
  3 electric eels (D:7)
  7 centaur zombies
  11 crimson imps
  A wyvern simulacrum (Lair:3)
  A quasit (D:14)
  3 bullfrog zombies
  9 hounds
  2 jellies
  7 centaur skeletons
  15 orc priests
  24 orc wizards
  A gnoll shaman (D:7)
  5 iguanas
  16 worker ants
  A yak simulacrum (Lair:3)
  2 hound zombies
  8 mummies (Ossuary)
  7 gnolls
  28 adders
  A crocodile simulacrum (Lair:3)
  5 shadow imps
  2 ufetubi (Gauntlet)
  12 oozes
  2 adder skeletons
  2 worms
  4 dart slugs
  20 leopard geckos
  88 orcs
  12 giant cockroaches
  7 goblins
  13 hobgoblins
  18 jackals
  10 kobolds
  6 quokkas
  16 ball pythons
  14 bats
  17 frilled lizards
  3 gnoll zombies (Ossuary)
  2 goblin zombies (D:7)
  2 hobgoblin zombies (Ossuary)
  3 jackal skeletons (D:5)
  A jackal zombie (D:8)
  A kobold zombie (Ossuary)
  A leopard gecko skeleton (D:7)
  2 orc zombies (Ossuary)
  A quokka skeleton (D:8)
  7 rats
  5 fungi (Lair:5)
  2 plants
1302 creatures vanquished.

Vanquished Creatures (others)
  A redback (Spider:1)
  A quokka (D:7)
  16 fungi
  4 plants
22 creatures vanquished.

Grand Total: 1324 creatures vanquished

Notes
Turn   | Place    | Note
-------+----------+-------------------------------------------
     0 | D:1      | TheGoonsmith the Minotaur Berserker began the quest for the
                  | Orb.
     0 | D:1      | Reached XP level 1. HP: 19/19 MP: 0/0
   116 | D:1      | Reached XP level 2. HP: 27/27 MP: 1/1
   119 | D:1      | Reached skill level 4 in Axes
   435 | D:1      | Reached XP level 3. HP: 30/33 MP: 2/2
   464 | D:1      | Reached ** piety under Trog
  1663 | D:2      | Reached XP level 4. HP: 40/40 MP: 3/3
  1857 | D:2      | Noticed a sky beast
  1862 | D:2      | Killed a sky beast
  1862 | D:2      | Reached skill level 5 in Axes
  1862 | D:2      | Reached XP level 5. HP: 47/47 MP: 4/4
  2028 | D:2      | Found a bloodstained altar of Trog.
  2175 | D:3      | Found an opulent altar of Gozag.
  2219 | D:3      | Found a sparkling altar of Nemelex Xobeh.
  2539 | D:3      | Reached *** piety under Trog
  2544 | D:3      | Found a glowing drain.
  2557 | Sewer    | Entered a sewer
  2703 | Sewer    | Reached XP level 6. HP: 55/55 MP: 5/5
  2766 | Sewer    | Reached skill level 6 in Axes
  2792 | Sewer    | Reached **** piety under Trog
  2912 | Sewer    | Reached skill level 5 in Fighting
  3058 | Sewer    | Reached ***** piety under Trog
  3058 | Sewer    | Reached XP level 7. HP: 50/61 MP: 6/6
  3489 | D:4      | Found a radiant altar of Vehumet.
  3541 | D:4      | Found a staircase to the Ecumenical Temple.
  3550 | D:4      | Reached skill level 7 in Axes
  3585 | D:4      | Reached skill level 5 in Armour
  3610 | D:4      | Found an iron altar of Okawaru.
  3814 | D:4      | Found a blossoming altar of Fedhas.
  3825 | D:4      | Found a stormy altar of Qazlal.
  3924 | D:5      | Entered Level 5 of the Dungeon
  4013 | D:5      | Reached skill level 8 in Axes
  4391 | D:5      | Found a basalt altar of Yredelemnul.
  4564 | D:6      | Found a shadowy altar of Dithmenos.
  4571 | D:6      | Reached XP level 8. HP: 67/70 MP: 7/7
  4817 | D:6      | Reached skill level 9 in Axes
  4821 | D:6      | Received a gift from Trog
  4828 | D:6      | Reached skill level 10 in Axes
  5026 | D:6      | Found a shimmering altar of Xom.
  5355 | D:6      | Found a snail-covered altar of Cheibriados.
  5383 | D:6      | Reached skill level 11 in Axes
  5419 | D:6      | Reached XP level 9. HP: 49/75 MP: 8/8
  5524 | D:7      | Found a sand-covered staircase.
  5606 | Ossuary  | Entered an ossuary
  5629 | Ossuary  | Reached skill level 12 in Axes
  6725 | D:7      | Found a burning altar of Makhleb.
  6758 | D:7      | Reached skill level 13 in Axes
  7003 | D:7      | Found a white marble altar of Elyvilon.
  7026 | D:7      | Found Ottij's Armour Shop.
  7033 | D:7      | Bought a +0 cloak for 54 gold pieces
  7530 | D:8      | Received a gift from Trog
  7532 | D:8      | Reached skill level 14 in Axes
  7588 | D:8      | Noticed a two-headed ogre
  7598 | D:8      | Killed a two-headed ogre
  7598 | D:8      | Reached XP level 10. HP: 65/83 MP: 9/9
  7655 | D:8      | Reached skill level 15 in Axes
  7702 | D:8      | Noticed Joseph
  7821 | D:8      | Reached skill level 16 in Axes
  8026 | D:8      | Killed Joseph
  8242 | D:8      | Received a gift from Trog
  8267 | D:8      | Found a staircase to the Lair.
  8852 | D:9      | Reached skill level 10 in Fighting
  8852 | D:9      | Reached XP level 11. HP: 89/99 MP: 10/10
  8961 | D:9      | Reached skill level 1 in Crossbows
  9525 | D:9      | Received a gift from Trog
 10299 | D:10     | Entered Level 10 of the Dungeon
 10403 | D:10     | Received a gift from Trog
 10408 | D:10     | Got a slimy war axe {god gift}
 10409 | D:10     | Identified the +4 war axe "Fukharu" {chop, rElec rPois MR+
                  | Int+4} (Trog gifted it to you on level 10 of the Dungeon)
 10685 | D:10     | Noticed a two-headed ogre
 10693 | D:10     | Killed a two-headed ogre
 10693 | D:10     | Reached skill level 5 in Crossbows
 10967 | D:10     | Noticed a two-headed ogre
 10968 | D:10     | Found a transporter.
 10968 | D:10     | Noticed a two-headed ogre
 11009 | D:10     | Found a transporter.
 11010 | D:10     | Noticed Partyfoot's ghost (novice FoFi)
 11222 | D:10     | Noticed a deep elf mage
 11226 | D:10     | Killed a deep elf mage
 11706 | D:11     | Noticed a red ugly thing
 11716 | D:11     | Killed a red ugly thing
 11716 | D:11     | Reached skill level 10 in Armour
 12066 | D:11     | Killed an unseen horror
 12092 | D:11     | Reached XP level 12. HP: 100/106 MP: 11/11
 12116 | D:11     | Found a shadowy altar of Dithmenos.
 12224 | D:12     | Found a runed translucent door.
 12224 | D:12     | Noticed edsrzf's ghost (journeyman FoAK)
 12482 | D:12     | Received a gift from Trog
 12509 | D:12     | Reached skill level 10 in Crossbows
 12678 | D:12     | Found a staircase to the Orcish Mines.
 13135 | Lair:1   | Entered Level 1 of the Lair of Beasts
 13410 | Lair:1   | Upgraded the game from 0.24-a0-250-g6074511 to
                  | 0.24-a0-251-g44e327e
 14271 | Lair:2   | Noticed a five-headed hydra
 14280 | Lair:2   | Killed a five-headed hydra
 14405 | Lair:2   | Reached skill level 17 in Axes
 14669 | Lair:2   | Noticed a five-headed hydra
 14674 | Lair:2   | Killed a five-headed hydra
 14878 | Lair:2   | Found a staircase to the Swamp.
 14955 | Lair:2   | Reached XP level 13. HP: 113/113 MP: 12/12
 15202 | Lair:3   | Received a gift from Trog
 15290 | Lair:3   | Found a runed translucent gate.
 15290 | Lair:3   | Found a runed translucent gate.
 15290 | Lair:3   | Found a runed translucent gate.
 15799 | Lair:3   | Noticed Guhom's ghost (journeyman OpAs)
 15837 | Lair:3   | Killed Guhom's ghost
 16046 | Lair:4   | Received a gift from Trog
 16095 | Lair:4   | Reached skill level 18 in Axes
 16338 | Lair:4   | Found a hole to the Spider Nest.
 17458 | Lair:5   | Noticed Kirke
 17478 | Lair:5   | Killed Kirke
 17865 | Lair:6   | Entered Level 6 of the Lair of Beasts
 17865 | Lair:6   | Found a staircase to the Slime Pits.
 17869 | Lair:6   | Reached skill level 5 in Dodging
 18026 | Lair:6   | Reached XP level 14. HP: 92/122 MP: 13/13
 18104 | Lair:6   | Received a gift from Trog
 18774 | Lair:6   | Found a viscous altar of Jiyva.
 18934 | Lair:6   | Reached skill level 19 in Axes
 19626 | Orc:1    | Entered Level 1 of the Orcish Mines
 19632 | Orc:1    | Received a gift from Trog
 19671 | Orc:1    | Found Tukofela's Assorted Antiques.
 19901 | Orc:1    | Noticed an orc warlord
 19918 | Orc:1    | Killed an orc warlord
 20960 | Orc:2    | Entered Level 2 of the Orcish Mines
 21021 | Orc:2    | Found a gate leading to a gauntlet.
 21030 | Gauntlet | Entered a Gauntlet
 21030 | Gauntlet | Found a transporter.
 21116 | Gauntlet | Found a transporter.
 21119 | Gauntlet | Got a dazzling plate armour
 21130 | Gauntlet | Identified the cursed +1 plate armour "Uppipif" {Dex+9}
                  | (You found it in a Gauntlet)
 21149 | Gauntlet | Found a transporter.
 21167 | Gauntlet | Found a transporter.
 21183 | Gauntlet | Found a transporter.
 21183 | Gauntlet | Found a transporter.
 21184 | Gauntlet | Found a transporter.
 21328 | Gauntlet | Found a transporter.
 21363 | Gauntlet | Identified the +5 spear "Titaez" {pierce, *Corrode +Rage
                  | rN++ Str+2}
 21374 | Gauntlet | Received a gift from Trog
 21899 | Orc:2    | Found a staircase to the Elven Halls.
 22124 | Orc:2    | Reached ****** piety under Trog
 22616 | Orc:2    | Received a gift from Trog
 22906 | Orc:2    | Reached skill level 15 in Crossbows
 22910 | Orc:2    | Reached XP level 15. HP: 108/132 MP: 14/14
 23360 | Orc:2    | Found Vanlirol's Book Boutique.
 23360 | Orc:2    | Found Pexzac's General Store.
 23362 | Orc:2    | Found Ihiefed's Weapon Emporium.
 23362 | Orc:2    | Found Vogotir's Antique Armour Shop.
 23384 | Orc:2    | Bought a potion of haste for 120 gold pieces
 23610 | D:12     | Killed edsrzf's ghost
 23759 | D:13     | Noticed Azrael
 23766 | D:13     | Killed Azrael
 23879 | D:13     | Received a gift from Trog
 23890 | D:13     | Reached skill level 20 in Axes
 24037 | D:13     | Noticed Jorgrun
 24040 | D:13     | Killed Jorgrun
 24979 | D:14     | Found a flagged portal.
 24988 | Bailey   | Entered a bailey
 25029 | Bailey   | Received a gift from Trog
 25702 | D:14     | Received a gift from Trog
 26033 | D:14     | Reached XP level 16. HP: 141/141 MP: 15/15
 26778 | D:14     | Found a gate to the Vaults.
 27699 | D:15     | Entered Level 15 of the Dungeon
 27839 | D:15     | Reached XP level 17. HP: 144/149 MP: 16/16
 28054 | D:15     | Received a gift from Trog
 28086 | D:15     | Noticed Rupert
 28090 | D:15     | Killed Rupert
 28344 | D:15     | Identified a scroll of acquirement
 28345 | D:15     | Got a shimmering cloak
 28356 | D:15     | Identified the +2 cloak of Leaves {rPois Int+5} (You
                  | acquired it on level 15 of the Dungeon)
 28564 | D:15     | Received a gift from Trog
 28678 | D:15     | Found a staircase to the Depths.
 28782 | D:15     | Found Imosk's Assorted Antiques.
 28786 | D:15     | Bought a potion of curing for 99 gold pieces
 29006 | Orc:1    | Bought 3 scrolls of enchant weapon for 765 gold pieces
 29006 | Orc:1    | Bought a scroll of brand weapon for 680 gold pieces
 29186 | Spider:1 | Entered Level 1 of the Spider Nest
 29614 | Spider:1 | Reached skill level 21 in Axes
 30077 | Spider:1 | Received a gift from Trog
 30760 | Spider:1 | Noticed Agnes
 30773 | Spider:1 | Killed Agnes
 30773 | Spider:1 | Reached skill level 10 in Dodging
 31805 | Spider:2 | Received a gift from Trog
 32345 | Spider:2 | Received a gift from Trog
 33395 | Spider:2 | Reached XP level 18. HP: 148/160 MP: 17/17
 34198 | Spider:3 | Noticed Louise
 34218 | Spider:3 | Killed Louise
 34218 | Spider:3 | Received a gift from Trog
 34244 | Spider:3 | Got a slimy arbalest {god gift}
 34245 | Spider:3 | Identified the +4 arbalest "Qymibb" {freeze, +Blink Str+3}
                  | (Trog gifted it to you on level 3 of the Spider Nest)
 35311 | Spider:4 | Entered Level 4 of the Spider Nest
 35313 | Spider:4 | Found a frozen archway.
 35318 | IceCv    | Entered an ice cave
 36878 | Spider:4 | Reached skill level 22 in Axes
 37238 | Spider:4 | Received a gift from Trog
 38756 | Swamp:1  | Entered Level 1 of the Swamp
 38765 | Swamp:1  | Paralysed by a hornet for 1 turns
 38841 | Swamp:1  | Received a gift from Trog
 40878 | Swamp:1  | Got a smoking scale mail
 40879 | Swamp:1  | Identified the cursed +1 scale mail of the Commoners {rC++
                  | MP+9 Str-3 Stlth+} (You found it on level 1 of the Swamp)
 40995 | Swamp:2  | Noticed Aizul
 41023 | Swamp:1  | HP: 8/161 [Aizul/bolt of poison (7)]
 41025 | Swamp:1  | Killed from afar by Aizul

Levels and vault maps discovered:
D:1:      dpeg_arrival_arbitrary_b, layout_basic
D:2:      layout_loops_ring, marbit_many_paths, first_ration,
          minmay_misc_feat_square, dk_noncrumbling_4
D:3:      layout_basic, lemuel_crystal_altar, nemelex_xobeh_ov_fountains_minmay,
          cheibrodos_sewer_entry_drain, grunt_decor_fettered
D:4:      layout_basic, grunt_temple_overflow_forces_of_nature,
          vehumet_crystals, okawaru_ov_weapons_minmay,
          minmay_temple_entry_statues_pillars
D:5:      layout_loops_cross, kennysheep_little_box
D:6:      cheibrodos_barr_body, layout_basic, overflow_temple_1_default,
          lemuel_doored_altar, kennysheep_mini_moat
D:7:      layout_loops_corners, elyvilon_altar_4, kennysheep_mini, serial_shops,
          shop, enter_ossuary_4, the_bakery, serial_bayou_lagoon_b
D:8:      wad_woods_minihive, layout_rooms, david_lair_generic, uniq_joseph
D:9:      old_forge, layout_long_grid, abandoned_shop, introduction_to_nature_2
D:10:     minmay_quarter_circles, layout_basic, gammafunk_ghost_smash
D:11:     layout_rooms, nicolae_dithmenos_the_darkroom
D:12:     layout_small_grid, orc_0_dummy, ebering_ghost_inner_flame
D:13:     layout_layer_cave, statue_in_the_mist_lemuel, uniq_azrael,
          uniq_jorgrun
D:14:     layout_stronghold, skrybe_vaults_entry_preservation, enter_bailey_8,
          minmay_misc_feat_x, lightli_wizard_tower
D:15:     grunt_enter_depths_magical_seal, layout_cave_pools, serial_shops,
          shop, amethyst_killhole, chequers_decorated_corner, uniq_rupert
Lair:1:   layout_gridlike, infiniplex_staircase_pool_2
Lair:2:   layout_misc_corridors, skrybe_swamp_entry_bodies, grunt_megastairs_5
Lair:3:   layout_misc_corridors, gammafunk_ghost_icy
Lair:4:   layout_cave_pods, spider_nest_entry_rubble
Lair:5:   layout_loops_ring, grunt_forest_small_clearings, uniq_kirke
Lair:6:   minmay_lair_end_enchanted_forest, layout_gridlike, slime_altar_1,
          chequers_serial_rivers_micro_a
Swamp:1:  layout_basic_swamp, serial_swamp_ruin, evilmike_swamp_ruin_rubble_2,
          evilmike_swamp_ruin_rubble_1
Swamp:2:  layout_falls_marsh, evilmike_swamp_ruin_house_5, swamp_pool2,
          ldierk_geyser, uniq_aizul
Spider:1: layout_spider_delve, uniq_agnes
Spider:2: layout_spider_delve, drop_trap, nicolae_orb_stairs,
          nicolae_spider_cling_ruins
Spider:3: layout_chambers, guppyfry_hornet_nest, uniq_louise
Spider:4: grunt_spider_rune_circles, portal_ice_cave_entry_pillars_three
Orc:1:    minmay_goldmine, layout_caves, serial_shops, shop
Orc:2:    st_orc_ogre_mass, layout_diamond_mine, gauntlet_entry_generic
Sewer:    sewer_frog_island_02
Ossuary:  ossuary_tomb_3
Bailey:   bailey_polearm_2, bailey
IceCv:    ice_cave_statue_garden_chambered
Gauntlet: minmay_gauntlet_77_tree [minmay_gauntlet_arena_77_double_cross,
          minmay_gauntlet_arena_77_fan,
          minmay_gauntlet_arena_77_terracotta_army,
          minmay_gauntlet_arena_77_braids, minmay_gauntlet_arena_77_mess,
          minmay_gauntlet_arena_77_chump_sandwich,
          minmay_gauntlet_arena_77_radiant_squares, gauntlet_exit_hidden_loot]

Skill      XL: |  1  2  3  4  5  6  7  8  9 10 11 12 13 14 15 16 17 18 |
---------------+-------------------------------------------------------+-----
Axes           | 4 5 6 8 11 14 16 17 18 19 20 21 22 | 22.2
Fighting       | 4 5 6 10 11 12 13 14 | 14.7
Armour         | 3 4 6 10 11 12 13 14 | 14.5
Dodging        | 3 4 5 7 8 9 10 11 | 11.3
Crossbows      | 8 11 13 15 16 17 18 | 18.4

Action                   |  1- 3 |  4- 6 |  7- 9 | 10-12 | 13-15 | 16-18 || total
-------------------------+-------+-------+-------+-------+-------+-------++-------
Melee: Hand axe          |   110 |   227 |   137 |       |       |       ||   474
       Headbutt          |     9 |    39 |    71 |   109 |   107 |   161 ||   496
       War axe           |       |       |   187 |   164 |       |       ||   351
       Broad axe         |       |       |       |   469 |   194 |       ||   663
       Arbalest          |       |       |       |     1 |       |       ||     1
       Battleaxe         |       |       |       |       |   255 |       ||   255
       Executioner's axe |       |       |       |       |    14 |   646 ||   660
 Fire: Hand crossbow     |       |       |       |    12 |       |       ||    12
       Arbalest          |       |       |       |    49 |   567 |       ||   616
       Triple crossbow   |       |       |       |       |    10 |   444 ||   454
Invok: Berserk           |     2 |     1 |     2 |     3 |     4 |    13 ||    25
       Trog's Hand       |       |       |       |     2 |     8 |    25 ||    35
  Use: Scroll            |       |     7 |    16 |    10 |    14 |    12 ||    59
       Potion            |       |       |       |     1 |     4 |     8 ||    13
 Stab: Confused          |       |       |       |       |       |     1 ||     1
  Eat: Chunk             |     3 |     7 |    13 |    26 |    22 |    24 ||    95
       Ration            |       |       |     1 |       |     6 |    14 ||    21
Armor: Animal skin       |    13 |       |       |       |       |       ||    13
       Plate armour      |    36 |   150 |   188 |   454 |   437 |  1124 ||  2389
Dodge: Dodged            |    54 |    97 |   110 |   230 |   302 |   755 ||  1548

Table legend:
 A = Non-vault XP
 B = Vault XP
 C = Vault XP percentage of total XP
 D = Non-vault monster count
 E = Vault monster count
 F = Vault count percentage of total count
                 A         B        C        D         E       F
            +---------+---------+-------+---------+---------+-------
      Total |  198946 |   93105 |  31.9 |     876 |     420 |  32.4
            +---------+---------+-------+---------+---------+-------
        D:1 |      66 |       0 |   0.0 |      30 |       0 |   0.0
        D:2 |     186 |       2 |   1.1 |      15 |       1 |   6.2
        D:3 |     128 |       3 |   2.3 |      26 |       2 |   7.1
        D:4 |     323 |       0 |   0.0 |      15 |       0 |   0.0
        D:5 |     328 |       0 |   0.0 |      15 |       0 |   0.0
        D:6 |     863 |     519 |  37.6 |      19 |      11 |  36.7
        D:7 |    1476 |     213 |  12.6 |      39 |       3 |   7.1
        D:8 |    1951 |    4166 |  68.1 |      29 |      53 |  64.6
        D:9 |    2403 |     236 |   8.9 |      32 |      15 |  31.9
       D:10 |    2742 |    3409 |  55.4 |      24 |      23 |  48.9
       D:11 |    3139 |       0 |   0.0 |      16 |       0 |   0.0
       D:12 |    4671 |    2439 |  34.3 |      29 |       2 |   6.5
       D:13 |    8105 |    4741 |  36.9 |      31 |       6 |  16.2
       D:14 |   18033 |    4721 |  20.7 |      61 |      11 |  15.3
       D:15 |   17485 |    9099 |  34.2 |      37 |      10 |  21.3
     Lair:1 |    4210 |       0 |   0.0 |      20 |       0 |   0.0
     Lair:2 |    6417 |    1492 |  18.9 |      21 |       4 |  16.0
     Lair:3 |    4040 |    2180 |  35.0 |      15 |       9 |  37.5
     Lair:4 |    5696 |     214 |   3.6 |      23 |       1 |   4.2
     Lair:5 |    5725 |    3098 |  35.1 |      15 |       6 |  28.6
     Lair:6 |    9141 |    9692 |  51.5 |      28 |      51 |  64.6
    Swamp:1 |    8676 |       0 |   0.0 |      31 |       0 |   0.0
    Swamp:2 |     159 |       0 |   0.0 |       1 |       0 |   0.0
   Spider:1 |   21200 |    2220 |   9.5 |      63 |       1 |   1.6
   Spider:2 |   27125 |    1785 |   6.2 |      74 |       3 |   3.9
   Spider:3 |   15752 |    3895 |  19.8 |      37 |       7 |  15.9
   Spider:4 |   15206 |    5799 |  27.6 |      39 |      14 |  26.4
      Orc:1 |    8532 |     263 |   3.0 |      48 |      11 |  18.6
      Orc:2 |    5168 |   18055 |  77.7 |      43 |      38 |  46.9
      Sewer |       0 |     399 | 100.0 |       0 |      65 | 100.0
    Ossuary |       0 |     155 | 100.0 |       0 |      16 | 100.0
     Bailey |       0 |    2380 | 100.0 |       0 |      26 | 100.0
      IceCv |       0 |    7896 | 100.0 |       0 |      22 | 100.0
   Gauntlet |       0 |    4034 | 100.0 |       0 |       9 | 100.0
            +---------+---------+-------+---------+---------+-------
